 Dungeon Crawl Stone Soup version 0.23.2-40-g277498a001 (webtiles) character file.

Game seed: 6407728253649381114

435 FishyPogo the Charmwright (level 7, -4/56 HPs)
             Began as a Gnoll Skald on Oct 17, 2019.
             Succumbed to an orc wizard's poison
             ... on level 4 of the Dungeon.
             The game lasted 00:14:10 (3100 turns).

FishyPogo the Charmwright (Gnoll Skald)             Turns: 3100, Time: 00:14:11

Health: -4/56      AC: 13    Str: 19    XL:     7   Next: 0%
Magic:  15/15      EV: 10    Int: 21    God:
Gold:   158        SH:  0    Dex: 15    Spells: 9/16 levels left

rFire    + . .     SeeInvis .   g - +3 scythe
rCold    . . .     Gourm    .   (shield currently unavailable)
rNeg     . . .     Faith    .   z - +3 chain mail {rF+}
rPois    .         Spirit   .   (no helmet)
rElec    .         Reflect  .   (no cloak)
rCorr    .         Harm     .   h - +0 pair of gloves
MR       .....                  (no boots)
Stlth    ..........             (no amulet)
HPRegen  0.18/turn              (no ring)
MPRegen  0.14/turn              (no ring)

@: mighty, brilliant, lethally poisoned (-4 -> -84)
A: distributed training, fangs 1, strong nose
a: no special abilities


You were on level 4 of the Dungeon.
You were hungry.

You visited 1 branch of the dungeon, and saw 5 of its levels.

You collected 158 gold pieces.

Inventory:

Hand Weapons
 a - a +0 hand axe
 g - a +3 scythe (weapon)
Missiles
 j - 69 stones (quivered)
Armour
 b - a +0 leather armour
 h - a +0 pair of gloves (worn)
 z - a +3 chain mail of fire resistance (worn)
Jewellery
 i - an uncursed amulet of faith
Wands
 r - a wand of polymorph (5)
 y - a wand of disintegration (7)
Scrolls
 c - 3 scrolls of remove curse {unknown}
 e - 4 scrolls of identify {unknown}
 k - a scroll of magic mapping {unknown}
 l - 3 scrolls of teleportation {unknown}
 s - a scroll of fear {unknown}
 t - a scroll of enchant armour {unknown}
 v - a scroll of fog {unknown}
Potions
 m - a potion of curing {unknown}
 p - a potion of flight
Comestibles
 d - 10 rations


   Skills:
 + Level 5.1 Fighting
 + Level 2.1 Short Blades
 + Level 2.1 Long Blades
 + Level 5.1 Axes
 + Level 2.1 Maces & Flails
 + Level 2.1 Polearms
 + Level 2.1 Staves
 + Level 2.1 Slings
 + Level 2.1 Bows
 + Level 2.1 Crossbows
 + Level 2.1 Throwing
 + Level 3.4 Armour
 + Level 5.1 Dodging
 + Level 2.1 Stealth
 + Level 2.1 Shields
 + Level 2.1 Unarmed Combat
 + Level 5.4 Spellcasting
 + Level 1.7 Conjurations
 + Level 1.7 Hexes
 + Level 5.7 Charms
 + Level 1.7 Summonings
 + Level 1.7 Necromancy
 + Level 1.7 Translocations
 + Level 1.7 Transmutations
 + Level 1.7 Fire Magic
 + Level 1.7 Ice Magic
 + Level 1.7 Air Magic
 + Level 1.7 Earth Magic
 + Level 1.7 Poison Magic
 + Level 2.4 Invocations
 + Level 2.1 Evocations


You had 9 spell levels left.
You knew the following spells:

 Your Spells              Type           Power        Failure   Level  Hunger
d - Infusion              Chrm           ####         1%          1    None
e - Regeneration          Chrm/Necr      ####......   9%          3    ##.....
g - Spectral Weapon       Hex/Chrm       ####....     9%          3    ##.....

Your spell library contained the following spells:

 Spells                   Type           Power        Failure   Level  Hunger
 Song of Slaying          Chrm           #####...     2%          2    None
 Shroud of Golubria       Chrm/Tloc      ####......   4%          2    None


Dungeon Overview and Level Annotations

Branches:
Dungeon (5/15)             Temple (0/1) D:4

Altars:
Xom

Annotations:
D:4 Edmund


Innate Abilities, Weirdness & Mutations

Your experience applies equally to all skills.
You have very sharp teeth.
Your uncanny sense of smell can sniff out nearby items.


Message History

You feel extremely sick. Something hits you but does no damage.
You are more poisoned.
Something hits you but does no damage.
You are more poisoned.
You closely miss something. Your bite misses something.
* * * LOW HITPOINT WARNING * * *
You feel extremely sick. Something hits you but does no damage.
You are more poisoned.
Something hits you but does no damage.
You are more poisoned.
It was a potion of magic.
Magic courses through your body.
* * * LOW HITPOINT WARNING * * *
You feel very sick. Something hits you but does no damage.
You are more poisoned.
It was a potion of brilliance.
You feel clever all of a sudden.
You die...

#... #.......# ##.....
#....#.?.....# ##.8.#...
#....#.......####oogo....
#...............s8.go8...
#...?.<........#


You could see a gnoll shaman, an orc priest, 3 gnolls and 2 orcs.

Vanquished Creatures
  Sigmund (D:3)
  A scorpion (D:3)
  An orc priest (D:3)
  A hound (D:5)
  Ijyb (D:3)
  Jessica (D:2)
  2 adders (D:3)
  2 oozes (D:3)
  3 worms
  4 dart slugs
  4 leopard geckos
  3 orcs (D:3)
  5 bats
  A giant cockroach (D:4)
  5 hobgoblins (D:1)
  7 jackals
  3 frilled lizards
  2 goblins
  13 kobolds
  12 rats
72 creatures vanquished.

Notes
Turn   | Place    | Note
-------+----------+-------------------------------------------
     0 | D:1      | FishyPogo the Gnoll Skald began the quest for the Orb.
     0 | D:1      | Reached XP level 1. HP: 20/20 MP: 6/6
    48 | D:1      | Reached XP level 2. HP: 23/26 MP: 0/7
   311 | D:1      | Reached XP level 3. HP: 31/31 MP: 6/9
   320 | D:1      | Reached skill level 5 in Spellcasting
   490 | D:1      | Reached skill level 1 in Invocations
  1105 | D:2      | Found a shimmering altar of Xom.
  1107 | D:2      | Found a shimmering altar of Xom.
  1110 | D:2      | Found a shimmering altar of Xom.
  1110 | D:2      | Found a shimmering altar of Xom.
  1180 | D:2      | Noticed Jessica
  1185 | D:2      | Killed Jessica
  1185 | D:2      | Reached skill level 1 in Short Blades
  1185 | D:2      | Reached skill level 1 in Long Blades
  1185 | D:2      | Reached skill level 1 in Maces & Flails
  1185 | D:2      | Reached skill level 1 in Polearms
  1185 | D:2      | Reached skill level 1 in Staves
  1185 | D:2      | Reached skill level 1 in Slings
  1185 | D:2      | Reached skill level 1 in Bows
  1185 | D:2      | Reached skill level 1 in Crossbows
  1185 | D:2      | Reached skill level 1 in Throwing
  1185 | D:2      | Reached skill level 1 in Stealth
  1185 | D:2      | Reached skill level 1 in Shields
  1185 | D:2      | Reached skill level 1 in Unarmed Combat
  1185 | D:2      | Reached skill level 1 in Evocations
  1185 | D:2      | Reached XP level 4. HP: 32/38 MP: 8/11
  1263 | D:2      | Learned a level 3 spell: Spectral Weapon
  1267 | D:2      | Learned a level 3 spell: Regeneration
  1637 | D:5      | Entered Level 5 of the Dungeon
  1673 | D:5      | Reached skill level 1 in Conjurations
  1673 | D:5      | Reached skill level 1 in Hexes
  1673 | D:5      | Reached skill level 1 in Summonings
  1673 | D:5      | Reached skill level 1 in Necromancy
  1673 | D:5      | Reached skill level 1 in Translocations
  1673 | D:5      | Reached skill level 1 in Transmutations
  1673 | D:5      | Reached skill level 1 in Fire Magic
  1673 | D:5      | Reached skill level 1 in Ice Magic
  1673 | D:5      | Reached skill level 1 in Air Magic
  1673 | D:5      | Reached skill level 1 in Earth Magic
  1673 | D:5      | Reached skill level 1 in Poison Magic
  1763 | D:3      | Reached XP level 5. HP: 30/43 MP: 8/12
  1877 | D:3      | Noticed Sigmund
  1916 | D:3      | Killed Sigmund
  1916 | D:3      | Reached XP level 6. HP: 24/50 MP: 2/14
  2064 | D:3      | Reached skill level 5 in Fighting
  2064 | D:3      | Reached skill level 5 in Axes
  2064 | D:3      | Reached skill level 5 in Dodging
  2511 | D:4      | Noticed Ijyb
  2522 | D:3      | Killed Ijyb
  2741 | D:4      | Noticed Edmund
  2814 | D:4      | Reached XP level 7. HP: 27/56 MP: 15/15
  2822 | D:4      | Found a staircase to the Ecumenical Temple.
  3099 | D:4      | HP: 1/56 [poisoned by an orc wizard]
  3100 | D:4      | Succumbed to an orc wizard's poison

Skill      XL: |  1  2  3  4  5  6 |
---------------+-------------------+-----
Spellcasting   | 5 |  5.4
Invocations    | 1 2 |  2.4
Short Blades   | 1 2 |  2.1
Long Blades    | 1 2 |  2.1
Maces & Flails | 1 2 |  2.1
Polearms       | 1 2 |  2.1
Staves         | 1 2 |  2.1
Slings         | 1 2 |  2.1
Bows           | 1 2 |  2.1
Crossbows      | 1 2 |  2.1
Throwing       | 1 2 |  2.1
Stealth        | 1 2 |  2.1
Shields        | 1 2 |  2.1
Unarmed Combat | 1 2 |  2.1
Evocations     | 1 2 |  2.1
Conjurations   | 1 |  1.7
Hexes          | 1 |  1.7
Summonings     | 1 |  1.7
Necromancy     | 1 |  1.7
Translocations | 1 |  1.7
Transmutations | 1 |  1.7
Fire Magic     | 1 |  1.7
Ice Magic      | 1 |  1.7
Air Magic      | 1 |  1.7
Earth Magic    | 1 |  1.7
Poison Magic   | 1 |  1.7
Armour         | 3 |  3.4
Fighting       | 5 |  5.1
Axes           | 5 |  5.1
Dodging        | 5 |  5.1
Charms         | |  5.7

Action                   |  1- 3 |  4- 6 |  7- 9 || total
-------------------------+-------+-------+-------++-------
Melee: Hand axe          |   120 |    37 |       ||   157
       Bite              |     6 |    11 |     3 ||    20
       Scythe            |       |    36 |    24 ||    60
Throw: Stone             |       |     1 |       ||     1
 Cast: Infusion          |     7 |     6 |     2 ||    15
       Spectral Weapon   |       |    12 |       ||    12
       Regeneration      |       |     5 |       ||     5
  Use: Potion            |       |     3 |     5 ||     8
       Scroll            |       |       |     1 ||     1
 Stab: Sleeping          |     5 |     3 |       ||     8
  Eat: Chunk             |     1 |     7 |       ||     8
Armor: Leather armour    |    34 |    12 |       ||    46
       Chain mail        |       |    19 |    47 ||    66
Dodge: Dodged            |    96 |    55 |    23 ||   174
